 Dungeon Crawl Stone Soup version 0.19.5 (webtiles) character file.

223 Benis312 the Cudgeler (level 5, 0/47 HPs)
             Began as a Draconian Berserker on Mar 15, 2017.
             Was a Believer of Trog.
             Succumbed to an adder's poison
             ... on level 3 of the Dungeon.
             The game lasted 00:19:41 (3299 turns).

Benis312 the Cudgeler (Draconian Berserker)         Turns: 3299, Time: 00:19:42

Health: 0/47       AC:  5    Str: 17 (20) XL:     5   Next: 66%
Magic:  5/5        EV: 13    Int: 12 (13) God:    Trog [**....]
Gold:   137        SH:  0    Dex:  8 (10) Spells: 0 memorised, 4 levels left

rFire  + . .     SeeInvis .     t - +2 whip (flame)
rCold  + . .     Gourm    .     (armour unavailable)
rNeg   . . .     Faith    .     (no shield)
rPois  +         Spirit   .     (helmet restricted)
rElec  +         Reflect  .     (no cloak)
rCorr  +         Harm     .     (no gloves)
MR     .....                    (no boots)
Stlth  +.........               (no amulet)
                                (no ring)
                                (no ring)

@: brilliant, lethally poisoned (0 -> -3), resistant, very slightly contaminated
A: unfitting armour, cold-blooded, AC +5
a: Berserk, Trog's Hand, Burn Spellbooks, Renounce Religion


You were on level 3 of the Dungeon.
You worshipped Trog.
Trog was pleased with you.
You were near starving.

You visited 1 branch of the dungeon, and saw 3 of its levels.

You collected 137 gold pieces.

Inventory:

Hand Weapons
 a - a +0 mace
 t - a +2 whip of flaming (weapon)
Wands
 s - a wand of confusion (15/48)
Scrolls
 c - a scroll of blinking
 g - a scroll of remove curse
 i - a scroll of noise
 j - a scroll of enchant armour {unknown}
 k - a scroll of magic mapping {unknown}
 n - a scroll of fear {unknown}
 p - a scroll of recharging
 r - a scroll of amnesia {unknown}
Potions
 d - a potion of lignification
 h - a potion of might


   Skills:
 + Level 4.5 Fighting
 + Level 4.8 Maces & Flails
 + Level 3.7 Dodging
 + Level 1.0 Stealth


You had 4 spell levels left.
You didn't know any spells.

Dungeon Overview and Level Annotations

Branches:
Dungeon (3/15)

Altars:
Sif Muna

Annotations:
D:3 Grinder


Innate Abilities, Weirdness & Mutations

Your plain brown scales are hard. (AC +5)
You cannot fit into any form of body armour.
You are cold-blooded and may be slowed by cold attacks.


Message History

Unknown command.
There are monsters nearby!
It was a potion of brilliance.
You feel clever all of a sudden. The adder bites you.
* * * LOW HITPOINT WARNING * * *
The kobold barely misses you.
Grinder blinks!
* * * LOW HITPOINT WARNING * * *
You feel sick.
The kobold throws a stone.
The stone closely misses you. The adder barely misses you.
The kobold throws a stone.
The stone misses you.
Found a notched tourmaline ring.
You're too hungry.
There is a lethal amount of poison in your body!
Zapping:
s - a wand of confusion (will waste charges)
Press: ? - help, Shift-Dir - straight line, f - kobold
Aim: a kobold (grey smoke, chance to defeat MR: 63%)
The kobold appears confused.
Evoking this partially-identified wand wasted a few charges.
You die...

#..##....########.#
#..##....# #.#
#..##....# #..
##..##....# #..
#§§§§#....# #.#
#§§§§#....# #.#
#§.§§# #[KS§§..#
#$§@§##.#
#.5§§....#
#...........
.....###.####
#.##.K. ..# # #...
.... .... ....
..... =..


You could see Grinder, an adder and 2 kobolds.

Vanquished Creatures
  Ijyb (D:2)
  Natasha (twice) (D:3)
  A worker ant (D:3)
  5 adders
  A worm (D:2)
  2 leopard geckos (D:2)
  3 orcs (D:3)
  7 bats
  2 giant cockroaches
  11 goblins
  7 hobgoblins
  7 jackals
  3 ball pythons
  7 frilled lizards
  8 kobolds
  3 rats
70 creatures vanquished.

Notes
Turn   | Place    | Note
-------+----------+-------------------------------------------
     0 | D:1      | Benis312 the Draconian Berserker began the quest for the Orb.
     0 | D:1      | Reached XP level 1. HP: 19/19 MP: 1/1
   786 | D:1      | Reached XP level 2. HP: 26/26 MP: 2/2
  1632 | D:1      | Reached XP level 3. HP: 31/33 MP: 3/3
  1915 | D:2      | Reached ** piety under Trog
  2146 | D:2      | Noticed Ijyb
  2157 | D:2      | Killed Ijyb
  2157 | D:2      | Reached XP level 4. HP: 31/40 MP: 4/4
  2620 | D:2      | Found a deep blue altar of Sif Muna.
  3001 | D:3      | Noticed Natasha
  3020 | D:3      | Killed Natasha
  3022 | D:3      | Reached XP level 5. HP: 32/47 MP: 5/5
  3121 | D:3      | Noticed Natasha
  3154 | D:3      | Killed Natasha
  3154 | D:3      | Reached skill level 1 in Stealth
  3209 | D:3      | Noticed Grinder
  3296 | D:3      | HP: 2/47 [adder (3)]
  3299 | D:3      | Succumbed to an adder's poison

Skill      XL: |  1  2  3  4  5 |
---------------+----------------+-----
Dodging        | 3 |  3.7
Fighting       | 4 |  4.5
Maces & Flails | 4 |  4.8
Stealth        | 1 |  1.0

Action                   |  1- 3 |  4- 6 || total
-------------------------+-------+-------++-------
Melee: Mace              |   129 |    11 ||   140
       Tailslap          |    13 |     6 ||    19
       Whip              |       |    83 ||    83
Invok: Berserk           |       |     3 ||     3
       Trog's Hand       |       |     2 ||     2
Evoke: Wand              |       |     1 ||     1
  Use: Scroll            |     1 |     4 ||     5
       Potion            |       |     9 ||     9
  Eat: Meat ration       |     1 |       ||     1
       Bread ration      |       |     1 ||     1
Armor: Skin              |    44 |    53 ||    97
Dodge: Dodged            |   114 |   141 ||   255
